 Dungeon Crawl Stone Soup version 0.24.0-125-gc4c63601f3 (webtiles) character file.

Game seed: 17392201712978435221, levelgen mode: deterministic

1632 Mrkan the Archer (level 8, -2/69 HPs)
             Began as a Centaur Hunter on Feb 25, 2020.
             Was a Follower of Nemelex Xobeh.
             Shot with a sling bullet by Joseph (9 damage)
             ... on level 7 of the Dungeon.
             The game lasted 00:16:46 (5994 turns).

Mrkan the Archer (Centaur Hunter)                   Turns: 5994, Time: 00:16:46

Health: -2/69      AC:  9    Str: 17    XL:     8   Next: 66%
Magic:  0/11       EV:  3    Int: 10    God:    Nemelex Xobeh [*.....]
Gold:   308        SH:  0    Dex: 10    Spells: 7/7 levels left

rFire    . . .     SeeInvis .   a - +1 shortbow
rCold    + . .     Gourm    .   (shield currently unavailable)
rNeg     . . .     Faith    .   c - +0 plate armour
rPois    .         Spirit   +   (no helmet)
rElec    .         Reflect  .   C - scarf {Spirit}
rCorr    .         Harm     .   (no gloves)
MR       .....                  (no barding)
Stlth    ..........             (no amulet)
HPRegen  0.21/turn              j - ring of protection from cold
MPRegen  0.12/turn              (no ring)

@: very quick
A: large, hooves 3, deformed body, speed 2, tough skin 3
a: Draw Escape, Draw Destruction, Draw Summoning, Renounce Religion


You were on level 7 of the Dungeon.
You worshipped Nemelex Xobeh.
Nemelex Xobeh was aware of your devotion.
You were hungry.

You visited 1 branch of the dungeon, and saw 7 of its levels.

You collected 308 gold pieces.

Inventory:

Hand Weapons
 a - a +1 shortbow (weapon)
 b - a +0 short sword
 l - a +0 war axe
 E - a +2 spear of venom
Missiles
 d - 49 arrows (quivered)
Armour
 c - a +0 plate armour (worn)
 C - a scarf of spirit shield (worn)
Jewellery
 j - a ring of protection from cold (left hand)
 s - an uncursed amulet of harm {unknown}
 z - an uncursed ring of protection from fire
Wands
 q - a wand of polymorph (2)
 y - a wand of digging (5)
 B - a wand of scattershot (2)
Scrolls
 g - 11 scrolls of identify {unknown}
 h - 7 scrolls of remove curse {unknown}
 i - 2 scrolls of enchant armour {unknown}
 m - a scroll of amnesia {unknown}
 p - 2 scrolls of magic mapping {unknown}
 r - a scroll of fog {unknown}
 t - 4 scrolls of fear {unknown}
 v - a scroll of teleportation {unknown}
 D - a scroll of noise {unknown}
Potions
 e - a potion of curing
 k - a potion of cancellation {unknown}
 n - 3 potions of flight {unknown}
 o - 2 potions of resistance {unknown}
 u - a potion of might
 w - 2 potions of mutation {unknown}
 A - a potion of degeneration {unknown}
Comestibles
 f - 10 rations
 x - 7 chunks of flesh


   Skills:
 + Level 5.4 Fighting
 * Level 10.8 Bows
 + Level 3.1 Armour
 - Level 2.2 Dodging
 - Level 0.4 Stealth
 + Level 4.0 Invocations


You had 7 spell levels left.
You didn't know any spells.
Your spell library contained the following spells:

 Spells                   Type           Power        Failure   Level  Hunger
 Animate Skeleton         Necr           N/A          100%        1    ##.....
 Apportation              Tloc           #.....       100%        1    ##.....
 Confusing Touch          Hex            #.....       100%        1    ##.....
 Summon Small Mammal      Summ           #...         100%        1    ##.....


Dungeon Overview and Level Annotations

Branches:
Dungeon (7/15)
 Temple: D:4-7

Altars:
Elyvilon
Nemelex Xobeh
Zin

Shops:
D:5 %

Annotations:
D:7 Joseph


Innate Abilities, Weirdness & Mutations

You have hooves in place of feet.
Armour fits poorly on your strangely shaped body.
You cover ground very quickly.
You have extremely tough skin. (AC +3)


Message History

You feel sick.
Joseph shoots a sling bullet.
The sling bullet hits you.
* * * LOW HITPOINT WARNING * * *
You see here a sling bullet.
Joseph shoots a sling bullet.
The sling bullet hits you!
* * * LOW HITPOINT WARNING * * *
You see here a sling bullet.
* * * LOW HITPOINT WARNING * * *
You feel sick.
Joseph unwields a +0 hunting sling.
Joseph wields a +0 quarterstaff.
Joseph hits you with a +0 quarterstaff.
* * * LOW HITPOINT WARNING * * *
You see here an arrow.
Items here: ( ) [[ a cursed +0 scale mail; a +0 shield; a +0 spear; 2 sling bullets
Things that are here:
a +0 whip; a gnoll skeleton x2
You feel better.
Joseph unwields a +0 quarterstaff.
Joseph wields a +0 hunting sling.
Joseph shoots a sling bullet.
The sling bullet hits you!
You die...
Your body disappears without a glow.

#..# #..# #..#
#..### #..#<#
#..#@#
#..#[######### #
#.((@........#
#.##.##.#######.#
..#...(.....#
..........(#.#
....##.#####.#
.## ... . #### ##


You could see Joseph.

Vanquished Creatures
  Prince Ribbit (D:5)
  An ogre (D:6)
  An orc warrior (D:2)
  2 phantoms
  A bullfrog (D:6)
  A gnoll sergeant (D:7)
  A wyvern skeleton (D:6)
  A scorpion (D:3)
  2 crimson imps
  2 hounds
  2 jellies
  A bullfrog skeleton (D:3)
  2 orc priests
  A centaur skeleton (D:5)
  5 orc wizards
  Ijyb (D:4)
  3 worker ants
  7 gnolls
  9 adders
  A shadow imp (D:5)
  An adder zombie (D:6)
  3 oozes
  6 worms
  5 dart slugs
  5 leopard geckos
  19 orcs
  9 bats
  5 giant cockroaches
  8 goblins
  8 hobgoblins
  5 jackals
  12 kobolds
  2 quokkas (D:3)
  4 ball pythons
  5 frilled lizards
  7 rats
149 creatures vanquished.

Notes
Turn   | Place    | Note
-------+----------+-------------------------------------------
     0 | D:1      | Mrkan the Centaur Hunter began the quest for the Orb.
     0 | D:1      | Reached XP level 1. HP: 17/17 MP: 1/1
   130 | D:1      | Reached XP level 2. HP: 24/24 MP: 2/2
   317 | D:1      | Reached skill level 6 in Bows
   375 | D:1      | Reached XP level 3. HP: 30/30 MP: 3/3
  1066 | D:2      | Noticed an orc warrior
  1095 | D:2      | Killed an orc warrior
  1095 | D:2      | Reached skill level 7 in Bows
  1095 | D:2      | Reached XP level 4. HP: 10/38 MP: 4/4
  1095 | D:2      | Reached XP level 5. HP: 12/45 MP: 5/5
  2574 | D:3      | Reached skill level 8 in Bows
  2574 | D:3      | Reached skill level 1 in Armour
  2574 | D:3      | Reached XP level 6. HP: 51/51 MP: 6/6
  3087 | D:4      | Found a sparkling altar of Nemelex Xobeh.
  3096 | D:4      | Became a worshipper of Nemelex Xobeh the Trickster
  3174 | D:4      | Received a gift from Nemelex Xobeh
  3336 | D:4      | Noticed Ijyb
  3354 | D:4      | Killed Ijyb
  3562 | D:4      | Reached skill level 1 in Invocations
  3562 | D:4      | Reached XP level 7. HP: 56/59 MP: 7/7
  3934 | D:5      | Entered Level 5 of the Dungeon
  3934 | D:5      | Reached * piety under Nemelex Xobeh
  3934 | D:5      | Noticed Prince Ribbit
  3942 | D:5      | HP: 2/59 [Prince Ribbit (12)]
  3968 | D:5      | Killed Prince Ribbit
  3968 | D:5      | Reached skill level 9 in Bows
  4450 | D:5      | Received a gift from Nemelex Xobeh
  4568 | D:5      | Found Tufaatz's Food Emporium.
  4573 | D:5      | Found a white marble altar of Elyvilon.
  4605 | D:5      | Found a glowing silver altar of Zin.
  4734 | D:6      | Reached XP level 8. HP: 67/67 MP: 8/10
  4778 | D:6      | Reached skill level 10 in Bows
  4874 | D:6      | Reached skill level 5 in Fighting
  5534 | D:7      | Noticed Joseph
  5990 | D:7      | HP: 3/69 [Joseph/sling bullet (9)]
  5991 | D:7      | HP: 1/69 [Joseph/+0 quarterstaff (1)]
  5994 | D:7      | Shot with a sling bullet by Joseph

Levels and vault maps discovered:
D:1:      evilmike_arrival_run_for_it, layout_loops_ring
D:2:      layout_loops_ring, kennysheep_generic_room_3
D:3:      layout_loops_cross
D:4:      minmay_chambers_of_fours, layout_cave_pools,
          nemelex_xobeh_ov_fountains_minmay, first_ration, columned_hall_lemuel,
          uniq_ijyb
D:5:      layout_rooms, kennysheep_little_box, overflow_temple_1_default,
          serial_shops, nicolae_shop_behind_doors, uniq_prince_ribbit1
D:6:      cheibrodos_quashed, layout_loops_ring
D:7:      layout_basic, chequers_temple_overflow_minitemple,
          minmay_temple_entry_sparse_star, uniq_joseph, uniq_duvessa

Skill      XL: |  1  2  3  4  5  6  7  8 |
---------------+-------------------------+-----
Bows           | 6 7 8 9 10 | 10.8
Fighting       | 3 4 5 |  5.4
Dodging        | 2 |  2.2
Armour         | 1 2 3 |  3.1
Invocations    | 1 2 4 |  4.0
Stealth        | |  0.4

Action                   |  1- 3 |  4- 6 |  7- 9 || total
-------------------------+-------+-------+-------++-------
Melee: Short sword       |     3 |     9 |       ||    12
       Kick              |       |     3 |       ||     3
       Unarmed           |       |     1 |       ||     1
 Fire: Shortbow          |   110 |   226 |   262 ||   598
  Use: Potion            |       |       |     2 ||     2
  Eat: Chunk             |       |     6 |     5 ||    11
Armor: Leather armour    |     9 |       |       ||     9
       Plate armour      |       |    66 |    61 ||   127
Dodge: Dodged            |    11 |     6 |    12 ||    29
